 Dungeon Crawl Stone Soup version 0.26.0-20-g3ca415f5b8 (webtiles) character file.

Game seed: 10369567066075151969

10290 flidderman the Grappler (level 11, -13/97 HPs)
             Began as a Ghoul Gladiator on Jan 24, 2021.
             Was an Elder of Makhleb.
             Mangled by an enormous slime creature (54 damage)
             ... on level 9 of the Dungeon.
             The game lasted 00:33:22 (9524 turns).

flidderman the Grappler (Ghoul Gladiator)           Turns: 9524, Time: 00:33:23

Health: -13/97     AC: 15    Str: 22    XL:     11   Next: 59%
Magic:  15/15      EV:  7    Int:  9    God:    Makhleb [****..]
Gold:   634        SH:  0    Dex: 10    Spells: 10/10 levels left

rFire    . . .     SeeInvis .     - Unarmed
rCold    + . .     Faith    .   (no shield)
rNeg     + + +     Spirit   .   a - +0 plate armour
rPois    ∞         Reflect  .   b - +2 helmet
rElec    .         Harm     .   (no cloak)
rCorr    .         Rampage  .   (no gloves)
Will     .....                  (no boots)
Stlth    ..........             f - amulet of regeneration
HPRegen  0.00/turn              g - +6 ring of intelligence
MPRegen  0.14/turn              C - ring of stealth

@: no status effects
A: claws 1, cold resistance 1, negative energy resistance 3, inhibited
regeneration, torment resistance, unbreathing
a: Renounce Religion, Minor Destruction, Lesser Servant of Makhleb, Major
Destruction


You were on level 9 of the Dungeon.
You worshipped Makhleb.
Makhleb was greatly pleased with you.
You visited 2 branches of the dungeon, and saw 11 of its levels.

You collected 706 gold pieces.
You spent 72 gold pieces at shops.

Inventory:

Missiles
 c - 3 throwing nets
 o - 19 boomerangs (quivered)
Armour
 a - a +0 plate armour (worn)
 b - a +2 helmet (worn)
Jewellery
 f - an amulet of regeneration (around neck)
 g - a +6 ring of intelligence (left claw)
 C - a ring of stealth (right claw)
Wands
 d - a wand of paralysis (10)
 r - a wand of polymorph (11)
 x - a wand of iceblast (5)
 z - a wand of flame (20)
Scrolls
 i - a scroll of identify
 m - 7 scrolls of remove curse
 n - 3 scrolls of teleportation
 t - 2 scrolls of enchant armour
 v - 3 scrolls of amnesia
 A - a scroll of fog
Potions
 h - a potion of magic {unknown}
 j - 2 potions of brilliance
 k - 5 potions of curing
 l - 4 potions of flight
 p - 2 potions of attraction
 q - a potion of mutation {unknown}
 s - 3 potions of lignification
 u - a potion of heal wounds {unknown}
 w - 3 potions of might
 B - a potion of cancellation {unknown}


   Skills:
 + Level 9.1 Fighting
 - Level 2.1 Axes
 - Level 1.7 Throwing
 - Level 5.0 Armour
 - Level 2.6 Dodging
 - Level 0.7 Stealth
 * Level 14.0 Unarmed Combat
 - Level 0.2 Ice Magic
 + Level 7.5 Invocations


You had 10 spell levels left.
You didn't know any spells.
Your spell library contained the following spells:

 Spells                   Type           Power        Failure   Level
 Corona                   Hex            0%           100%        1
 Sting                    Tmut/Pois      0%           100%        1
 Ensorcelled Hibernation  Hex/Ice        0%           100%        2
 Poisonous Vapours        Pois/Air       0%           100%        2
 Confusing Touch          Hex            0%           100%        3
 Dazzling Flash           Conj/Hex       0%           100%        3
 Ignite Poison            Fire/Tmut/Pois 0%           100%        3
 Mephitic Cloud           Conj/Pois/Air  0%           100%        3
 Tukima's Dance           Hex            0%           100%        3
 Olgreb's Toxic Radiance  Pois           0%           100%        4


Dungeon Overview and Level Annotations

Branches:
Dungeon (10/15)            Temple (1/1) D:6             Orc (0/2) D:9
   Lair: D:8-11

Altars:
Ashenzari
Dithmenos
Elyvilon
Makhleb
Okawaru
Qazlal
Sif Muna
Trog
Uskayaw
Vehumet
Yredelemnul
Zin

Shops:
D:4 :   D:7 *


Innate Abilities, Weirdness & Mutations

You thrive by killing the living.
You are immune to poison.
You have sharp fingernails.
Your flesh is cold resistant. (rC+)
You are immune to negative energy. (rN+++)
You do not regenerate when monsters are visible.
You are immune to unholy pain and torment.
You can survive without breathing.


Message History

The slime creature hits you.
A very large slime creature splits.
You barely miss the slime creature. You completely miss the slime creature.
The slime creature hits you!
Two slime creatures merge to form a very large slime creature.
Two slime creatures merge to form an enormous slime creature.
Two slime creatures merge to form an enormous slime creature.
Press: ? - help, Shift-Dir - straight line, f - enormous slime creature
Aim: an enormous slime creature The stone arrow misses the enormous slime creature.
Press: ? - help, Shift-Dir - straight line, f/p - enormous slime creature
Aim: an enormous slime creature The zap hits the enormous slime creature.
The enormous slime creature is lightly wounded.
The zap hits the enormous slime creature.
The enormous slime creature is lightly wounded.
The enormous slime creature barely misses you.
The enormous slime creature hits you!!!
Ouch! That really hurt!
You die...

....#........#...........[<..#
#####......(.####......)..#..#
#........# #............#
###........####......#..##.#
#..........##........##.##.#
###..###.######.#......##.>#.#
.....................#####.#.#
.................J...#≈≈≈#...#
........[.......@....#≈≈≈#.###
......)..............#≈≈≈#.#
≈≈≈≈≈≈≈.≈≈≈≈≈≈≈≈≈≈≈≈≈≈≈≈≈#.#
≈≈≈≈≈≈≈.≈#####≈≈≈≈≈≈≈≈≈≈##.#
≈#####≈[≈#...#≈≈≈≈≈≈≈≈≈≈##.#
≈#...[...'...#≈≈≈≈≈≈≈≈≈≈##.#
≈#...#≈.≈#####≈≈≈≈≈≈≈≈≈###.#
≈#####≈.≈≈≈≈≈≈≈≈≈≈≈≈≈### #.#
≈≈≈≈≈≈≈.≈≈≈≈≈≈≈≈≈≈...# #.#


You could see an enormous slime creature.

Vanquished Creatures
  A two-headed ogre (D:9)
  2 deep trolls (D:9)
  Pikel (D:6)
  A deep elf mage (D:10)
  Joseph (D:9)
  A centaur zombie (D:10)
  8 trolls (D:9)
  A wyvern (D:10)
  6 yaks
  A sky beast (D:6)
  2 orc warriors (D:9)
  2 ice beasts
  A necrophage (D:10)
  4 phantoms
  5 ogres
  A centaur (D:9)
  A big kobold (D:7)
  Blork the orc (D:4)
  5 bullfrogs
  A wyvern skeleton (D:6)
  3 scorpions
  14 wights
  5 electric eels
  5 hounds
  2 jellies
  8 orc priests
  A bullfrog skeleton (D:10)
  2 centaur skeletons
  An iguana (D:5)
  11 worker ants
  4 orc wizards
  A hound zombie (D:9)
  A howler monkey zombie (D:5)
  Robin (D:4)
  A worker ant zombie (D:10)
  6 gnolls
  A howler monkey skeleton (D:8)
  14 adders
  5 white imps
  3 ufetubi
  An ooze (D:1)
  3 adder skeletons
  2 worms (D:4)
  4 leopard geckos
  44 orcs
  6 giant cockroaches
  21 goblins
  14 hobgoblins
  15 jackals
  5 quokkas
  2 ball pythons
  7 bats
  5 frilled lizards
  A jackal skeleton (D:6)
  9 kobolds
  A quokka zombie (D:6)
  10 rats
285 creatures vanquished.

Vanquished Creatures (collateral kills)
  A yak (D:9)
  An ogre (D:9)
2 creatures vanquished.

Vanquished Creatures (others)
  15 plants
15 creatures vanquished.

Grand Total: 302 creatures vanquished

Notes
Turn   | Place    | Note
-------+----------+-------------------------------------------
     0 | D:1      | flidderman the Ghoul Gladiator began the quest for the Orb.
     0 | D:1      | Reached XP level 1. HP: 17/17 MP: 0/0
   108 | D:1      | Reached XP level 2. HP: 11/24 MP: 1/1
   283 | D:1      | Reached skill level 4 in Unarmed Combat
   709 | D:1      | Reached XP level 3. HP: 29/29 MP: 2/2
  1027 | D:2      | Reached skill level 1 in Armour
  1050 | D:2      | Reached XP level 4. HP: 36/36 MP: 3/3
  1201 | D:2      | Reached skill level 5 in Unarmed Combat
  1439 | D:2      | Reached XP level 5. HP: 41/41 MP: 4/4
  1803 | D:3      | Noticed a phantom
  2687 | D:3      | Reached skill level 6 in Unarmed Combat
  2796 | D:3      | Reached XP level 6. HP: 48/48 MP: 5/5
  2926 | D:3      | Killed a phantom
  2994 | D:3      | You fall into a shaft and drop 3 floors!
  3019 | D:6      | Found a staircase to the Ecumenical Temple.
  3046 | D:6      | Reached skill level 7 in Unarmed Combat
  3053 | Temple   | Entered the Ecumenical Temple
  3059 | Temple   | Became a worshipper of Makhleb the Destroyer
  3125 | D:6      | Noticed an ice beast
  3156 | D:5      | Entered Level 5 of the Dungeon
  3182 | D:4      | Reached XP level 7. HP: 32/55 MP: 6/6
  3465 | D:3      | Found a faded altar of an unknown god.
  3586 | D:4      | Noticed Blork the orc
  3599 | D:4      | Killed Blork the orc
  3614 | D:4      | Reached skill level 8 in Unarmed Combat
  3752 | D:4      | Found a radiant altar of Vehumet.
  3758 | D:4      | Noticed Robin
  3791 | D:4      | Reached * piety under Makhleb
  3805 | D:4      | Killed Robin
  4051 | D:4      | Found Vugriul's Book Boutique.
  4222 | D:5      | Reached XP level 8. HP: 61/61 MP: 7/7
  4239 | D:5      | Reached skill level 9 in Unarmed Combat
  4726 | D:5      | Reached skill level 10 in Unarmed Combat
  5418 | D:6      | Noticed Pikel
  5442 | D:6      | Killed Pikel
  5443 | D:6      | Reached skill level 5 in Fighting
  5443 | D:6      | Reached skill level 5 in Armour
  5443 | D:6      | Reached XP level 9. HP: 43/74 MP: 8/8
  5457 | D:6      | Reached ** piety under Makhleb
  5646 | D:6      | Reached skill level 1 in Invocations
  6693 | D:7      | Found Duniolu's Assorted Antiques.
  6704 | D:7      | Bought a scroll of identify for 48 gold pieces
  6704 | D:7      | Bought a potion of degeneration for 24 gold pieces
  6781 | D:8      | Found a shadowy altar of Dithmenos.
  6781 | D:8      | Found a broken altar of Ashenzari.
  6791 | D:8      | Reached skill level 11 in Unarmed Combat
  6965 | D:8      | Reached *** piety under Makhleb
  7351 | D:8      | Found a bloodstained altar of Trog.
  7548 | D:9      | Found a shimmering blue altar of Sif Muna.
  7606 | D:9      | Found an iron altar of Okawaru.
  7627 | D:9      | Reached XP level 10. HP: 84/84 MP: 11/11
  7635 | D:9      | Noticed a two-headed ogre
  7648 | D:9      | Killed a two-headed ogre
  7738 | D:9      | Noticed Joseph
  7752 | D:9      | Reached skill level 12 in Unarmed Combat
  7941 | D:9      | Killed Joseph
  7942 | D:9      | Reached skill level 5 in Invocations
  8139 | D:9      | Noticed a deep troll
  8160 | D:9      | Killed a deep troll
  8163 | D:9      | Reached skill level 13 in Unarmed Combat
  8163 | D:9      | Reached XP level 11. HP: 85/94 MP: 14/14
  8204 | D:9      | Noticed a deep troll
  8212 | D:9      | Killed a deep troll
  8305 | D:9      | Found a staircase to the Orcish Mines.
  8641 | D:10     | Entered Level 10 of the Dungeon
  8685 | D:10     | Reached **** piety under Makhleb
  9141 | D:10     | Noticed a deep elf mage
  9152 | D:10     | Killed a deep elf mage
  9446 | D:10     | Reached skill level 14 in Unarmed Combat
  9524 | D:9      | Mangled by an enormous slime creature

Illustrated notes

Levels and vault maps discovered:
D:1:      elethiomel_arrival_shortcut, layout_loops_ring
D:2:      layout_loops_ring, minmay_cut_off
D:3:      layout_loops_ring, chequers_ecumenical_altar_simple_redux,
          minmay_pentangle
D:4:      layout_rooms, kennysheep_mini, serial_shops,
          nicolae_shop_behind_doors, uniq_robin, uniq_blork_the_orc
D:5:      layout_basic, serial_bayou, serial_bayou_lagoon_b,
          serial_bayou_pond_a, serial_bayou_pond_e, serial_bayou_lake_a
D:6:      layout_basic, minmay_temple_entry_glass, serial_bayou,
          serial_bayou_crossing, serial_bayou_pond_b, serial_bayou_pond_d,
          serial_bayou_pond_d, serial_bayou_shore_a, kennysheep_nondescript,
          uniq_pikel
D:7:      layout_cave_pools, serial_shops, shop, corexii_checkpoint_a,
          grunt_ministairs_13
D:8:      layout_cave_pods, lemuel_coloured_pillars_altar,
          chequers_temple_overflow_statue_of_worship
D:9:      lemuel_troll_bridge, layout_basic, okawaru_ov_weapons_minmay,
          lemuel_doored_altar, david_orc_2, uniq_joseph
D:10:     layout_basic, small_chamber_with_monster, hangedman_decor_slide_cut
Temple:   eino_temple_rhombus

Skill      XL: |  1  2  3  4  5  6  7  8  9 10 11 |
---------------+----------------------------------+-----
Unarmed Combat | 4 5 6 7 8 10 11 13 14 | 14.0
Armour         | 1 2 3 5 |  5.0
Fighting       | 5 6 8 9 |  9.1
Axes           | 2 |  2.1
Invocations    | 3 6 7 |  7.5
Throwing       | |  1.7
Dodging        | |  2.6
Stealth        | |  0.7
Ice Magic      | |  0.2

Action                   |  1- 3 |  4- 6 |  7- 9 | 10-12 || total
-------------------------+-------+-------+-------+-------++-------
Melee: Unarmed           |    96 |   274 |   421 |   208 ||   999
       Punch             |     1 |     2 |    15 |    14 ||    32
Throw: Boomerang         |       |     4 |     7 |     1 ||    12
Invok: Minor Destruction |       |       |       |    17 ||    17
       Lesser Servant of |       |       |       |     2 ||     2
Evoke: Wand              |       |       |       |     3 ||     3
  Use: Scroll            |       |     9 |     5 |     6 ||    20
       Potion            |       |     2 |     1 |     4 ||     7
Armor: Leather armour    |     6 |       |       |       ||     6
       Ring mail         |    25 |    48 |       |       ||    73
       Chain mail        |       |    24 |       |       ||    24
       Plate armour      |       |    81 |   217 |   136 ||   434
Dodge: Dodged            |    59 |   144 |   126 |   105 ||   434
